 Dungeon Crawl Stone Soup version 0.23.2-11-gf996548 (webtiles) character file.

Game seed: 4697186863507692047

8151 Fang the Fighter (level 11, -1/108 HPs)
             Began as a Gargoyle Berserker on June 5, 2019.
             Was an Elder of Trog.
             Slain by Snorg (7 damage)
             ... on level 11 of the Dungeon.
             The game lasted 00:10:20 (9068 turns).

Fang the Fighter (Gargoyle Berserker)               Turns: 9068, Time: 00:10:21

Health: -1/108     AC: 24    Str: 29    XL:     11   Next: 26%
Magic:  11/11      EV: 11    Int:  8    God:    Trog [****..]
Gold:   507        SH:  0    Dex:  9    Spells: 10/10 levels left

rFire    . . .     SeeInvis +   A - +2 battleaxe (freeze)
rCold    . . .     Gourm    .   (shield currently unavailable)
rNeg     + . .     Faith    .   b - +2 plate armour (curse)
rPois    ∞         Spirit   .   E - +0 mask of the Dragon {MR+ Slay+3 SInv}
rElec    +         Reflect  .   (no cloak)
rCorr    .         Harm     .   (no gloves)
MR       +....                  (no boots)
Stlth    ..........             (no amulet)
HPRegen  0.28/turn              (no ring)
MPRegen  0.12/turn              s - ring of attention (curse)

@: berserking (expiring), very quick
A: negative energy resistance 1, electricity resistance, unbreathing,
petrification resistance, rot immunity, AC +8
a: Berserk, Trog's Hand, Brothers in Arms, Renounce Religion


You were on level 11 of the Dungeon.
You worshipped Trog.
Trog was greatly pleased with you.
You were very hungry.

You visited 2 branches of the dungeon, and saw 12 of its levels.

You collected 598 gold pieces.
You spent 91 gold pieces at shops.

Inventory:

Hand Weapons
 a - a +0 war axe
 A - a +2 battleaxe of freezing (weapon)
Armour
 b - a cursed +2 plate armour (worn)
 l - a +2 helmet
 E - the +0 mask of the Dragon (worn) {MR+ Slay+3 SInv}
   (You found it on level 7 of the Dungeon)

   It affects your accuracy and damage with ranged weapons and melee attacks
   (+3).
   It affects your resistance to hostile enchantments.
   It lets you see invisible.
Jewellery
 s - a cursed ring of attention (right hand)
Wands
 o - a wand of clouds (7)
 t - a wand of polymorph (25)
 u - a wand of digging (18)
 x - a wand of random effects (14)
 F - a wand of scattershot (5)
Scrolls
 d - a scroll of remove curse {unknown}
 e - 11 scrolls of identify
 f - a scroll of enchant armour
 h - a scroll of magic mapping
 i - 5 scrolls of teleportation
 B - a scroll of fog
 C - 2 scrolls of blinking
Potions
 g - 5 potions of curing
 j - a potion of agility
 k - a potion of heal wounds
 p - a potion of magic
 v - 3 potions of flight
 z - 2 potions of mutation
 D - 2 potions of haste
 G - a potion of resistance
Comestibles
 c - 17 rations


   Skills:
 + Level 10.0 Fighting
 + Level 8.4 Axes
 + Level 9.7 Armour
 + Level 7.4 Dodging


You had 10 spell levels left.
You didn't know any spells.
Your spell library was empty.

Dungeon Overview and Level Annotations

Branches:
Dungeon (11/15)            Temple (1/1) D:4
   Lair: D:8-11         Orc: D:9-12

Altars:
Ashenzari
Cheibriados
Elyvilon
Fedhas
Gozag
Makhleb
Qazlal
Ru
Xom
The Shining One

Shops:
D:5 (   D:7 %

Annotations:
D:3 3 runed translucent doors, adelrune's ghost, weakling TeMo; ahnwi's ghost, amateur HONe
D:9 3 runed translucent doors, IBeShadow's ghost, journeyman DrFE
D:11 Snorg


Innate Abilities, Weirdness & Mutations

You are resistant to torment.
Your stone body is resilient. (AC +8)
You are immune to poison.
You resist negative energy. (rN+)
You are resistant to electric shocks. (rElec)
You can survive without breathing.
You are immune to petrification.
You are immune to rotting.


Message History

You are too injured to fight recklessly!
You are too injured to fight recklessly!
You are too injured to fight recklessly!
You slash Snorg! You freeze Snorg.
Snorg is severely wounded.
Snorg closely misses you. Snorg claws you!
* * * LOW HITPOINT WARNING * * *
Snorg closely misses you.
You closely miss Snorg.
Snorg is severely wounded.
Snorg closely misses you. Snorg claws you!
* * * LOW HITPOINT WARNING * * *
Snorg claws you!
* * * LOW HITPOINT WARNING * * *
Snorg bites you but does no damage. Snorg claws you but does no damage.
Snorg barely misses you.
You hit Snorg. You freeze Snorg.
Snorg is severely wounded.
Snorg bites you!
You die...

..###).##.##
##.#### .........##
##...# .###......##
##.##.#
##<..##.###.###.###
##.####.#........#
#.# ##..####.#.#
#.# ##.##$..#.# #+#
#........#
####@##### #T# #.#
... ... ....# ...##
#....


You could see Snorg (berserk).

Vanquished Creatures
  Erolcha (D:10)
  A two-headed ogre (D:8)
  An unseen horror (D:9)
  A deep elf mage (D:10)
  A guardian serpent (shapeshifter) (D:8)
  Joseph (D:9)
  A gargoyle (D:11)
  A kobold demonologist (D:8)
  2 trolls (D:10)
  A merfolk (D:9)
  A hippogriff (D:8)
  A wraith (D:10)
  Eustachio (D:5)
  2 hungry ghosts
  A black bear (D:7)
  3 sky beasts
  2 orc warriors
  An eye of draining (D:10)
  2 phantoms
  4 centaurs
  A necrophage (D:5)
  3 ogres
  Blork the orc (D:5)
  4 bullfrogs
  A scorpion (D:4)
  A wyvern skeleton (D:10)
  5 wights (D:6)
  A howler monkey (D:10)
  4 crimson imps
  2 quasits
  4 hounds
  4 orc priests
  4 orc wizards
  A bullfrog skeleton (D:4)
  3 jellies
  A gnoll shaman (D:5)
  A centaur skeleton (D:5)
  Ijyb (D:3)
  An iguana (D:9)
  9 worker ants
  A hound zombie (D:7)
  A hound skeleton (D:9)
  5 gnolls (D:5)
  A worker ant zombie (D:10)
  7 adders
  A shadow imp (D:9)
  An ooze (D:4)
  An adder skeleton (D:4)
  3 worms
  3 dart slugs (D:1)
  4 leopard geckos
  19 orcs
  10 bats
  6 giant cockroaches
  6 goblins
  12 hobgoblins
  10 jackals
  3 quokkas
  A ball python (D:3)
  6 frilled lizards
  4 kobolds
  A quokka skeleton (D:7)
  A quokka zombie (D:9)
  4 rats
192 creatures vanquished.

Vanquished Creatures (others)
  3 plants (D:11)
  A withered plant (D:3)
4 creatures vanquished.

Grand Total: 196 creatures vanquished

Notes
Turn   | Place    | Note
-------+----------+-------------------------------------------
     0 | D:1      | Fang the Gargoyle Berserker began the quest for the Orb.
     0 | D:1      | Reached XP level 1. HP: 14/14 MP: 1/1
   111 | D:1      | Reached XP level 2. HP: 10/19 MP: 2/2
   460 | D:1      | Reached XP level 3. HP: 21/23 MP: 3/3
   811 | D:2      | Reached ** piety under Trog
  1322 | D:2      | Found a white marble altar of Elyvilon.
  1420 | D:3      | Reached XP level 4. HP: 25/29 MP: 4/4
  1628 | D:3      | Noticed Ijyb
  1662 | D:3      | Killed Ijyb
  1662 | D:3      | Reached skill level 4 in Fighting
  1668 | D:3      | Found a runed translucent gate.
  1669 | D:3      | Found a runed translucent gate.
  1669 | D:3      | Noticed ahnwi's ghost (amateur HONe)
  1669 | D:3      | Noticed adelrune's ghost (weakling TeMo)
  1670 | D:3      | Found a runed translucent gate.
  1739 | D:3      | Noticed an ogre
  1750 | D:3      | Killed an ogre
  1750 | D:3      | Reached XP level 5. HP: 14/34 MP: 5/5
  2310 | D:4      | Reached XP level 6. HP: 39/39 MP: 6/6
  2350 | D:4      | Found a staircase to the Ecumenical Temple.
  2403 | Temple   | Entered the Ecumenical Temple
  2747 | D:4      | Noticed a phantom
  2810 | D:4      | Killed a phantom
  2855 | D:4      | Reached skill level 5 in Fighting
  2855 | D:4      | Reached XP level 7. HP: 27/44 MP: 7/7
  3061 | D:5      | Entered Level 5 of the Dungeon
  3095 | D:5      | Reached *** piety under Trog
  3681 | D:5      | Found Utakiori's Antique Weapon Shop.
  3718 | D:5      | Noticed Blork the orc
  3730 | D:5      | Killed Blork the orc
  3730 | D:5      | Reached skill level 5 in Armour
  3955 | D:5      | Found a snail-covered altar of Cheibriados.
  4130 | D:5      | Noticed Eustachio
  4149 | D:5      | Killed Eustachio
  4149 | D:5      | Reached XP level 8. HP: 51/51 MP: 8/8
  4400 | D:6      | Reached skill level 6 in Fighting
  4400 | D:6      | Reached skill level 5 in Axes
  4920 | D:6      | Received a gift from Trog
  5085 | D:6      | Found a shimmering altar of Xom.
  5569 | D:5      | Bought a war axe for 91 gold pieces
  5673 | D:7      | Reached XP level 9. HP: 56/56 MP: 9/9
  5830 | D:7      | Found Lity's Food Shoppe.
  5983 | D:7      | Found an ancient bone altar of Kikubaaqudgha.
  5985 | D:7      | Found a burning altar of Makhleb.
  5985 | D:7      | Found a shimmering altar of Xom.
  5990 | D:7      | Found a shattered altar of Ashenzari.
  5990 | D:7      | Found a sacrificial altar of Ru.
  5990 | D:7      | Found a stormy altar of Qazlal.
  5993 | D:7      | Reached skill level 7 in Fighting
  6016 | D:7      | Reached skill level 5 in Dodging
  6192 | D:7      | Found the +0 mask of the Dragon {MR+ Slay+3 SInv}
  6622 | D:8      | Noticed a kobold demonologist
  6624 | D:8      | Noticed an orange demon
  6630 | D:8      | Killed a kobold demonologist
  6704 | D:8      | Found a glowing golden altar of the Shining One.
  6707 | D:8      | Found a blossoming altar of Fedhas.
  6756 | D:8      | Noticed a guardian serpent
  6780 | D:8      | Killed a guardian serpent
  6780 | D:8      | Reached skill level 8 in Fighting
  6994 | D:8      | Noticed a two-headed ogre
  7000 | D:8      | Killed a two-headed ogre
  7000 | D:8      | Reached XP level 10. HP: 55/65 MP: 10/10
  7211 | D:9      | Reached **** piety under Trog
  7238 | D:9      | Found a runed translucent gate.
  7238 | D:9      | Found a runed translucent gate.
  7238 | D:9      | Found an opulent altar of Gozag.
  7238 | D:9      | Found a runed translucent gate.
  7238 | D:9      | Noticed a wolf spider
  7238 | D:9      | Noticed IBeShadow's ghost (journeyman DrFE)
  7338 | D:9      | Noticed an unseen horror
  7352 | D:9      | Killed an unseen horror
  7352 | D:9      | Reached skill level 9 in Fighting
  7419 | D:9      | Noticed Joseph
  7429 | D:9      | Killed Joseph
  7991 | D:10     | Entered Level 10 of the Dungeon
  8239 | D:10     | Noticed a deep elf mage
  8246 | D:10     | Noticed Erolcha
  8247 | D:10     | Killed a deep elf mage
  8254 | D:10     | Killed Erolcha
  8254 | D:10     | Reached XP level 11. HP: 63/72 MP: 8/11
  8950 | D:11     | Reached skill level 10 in Fighting
  9055 | D:11     | Noticed Snorg
  9068 | D:11     | Slain by Snorg

Skill      XL: |  1  2  3  4  5  6  7  8  9 10 11 |
---------------+----------------------------------+-----
Axes           | 3 4 5 7 8 |  8.4
Dodging        | 2 3 4 6 7 |  7.4
Armour         | 3 4 5 6 8 9 |  9.7
Fighting       | 4 5 6 8 9 10 | 10.0

Action                   |  1- 3 |  4- 6 |  7- 9 | 10-12 || total
-------------------------+-------+-------+-------+-------++-------
Melee: Hand axe          |   132 |   209 |   360 |       ||   701
       Battleaxe         |       |       |    86 |   158 ||   244
Invok: Berserk           |       |     1 |     8 |     1 ||    10
  Use: Scroll            |       |       |       |    19 ||    19
  Eat: Chunk             |     2 |     6 |    19 |     8 ||    35
       Ration            |       |       |     1 |     1 ||     2
Armor: Animal skin       |    30 |       |       |       ||    30
       Chain mail        |    17 |   128 |   289 |    56 ||   490
       Plate armour      |       |       |       |   105 ||   105
Dodge: Dodged            |    89 |    98 |   231 |   118 ||   536
